[Event "Titled Tuesday Blitz May 03 Late 2022"]
[White "Omariev, Maksim"]
[Black "Maksimovic, Bojan"]
[WhiteFideId "4193423"]
[BlackFideId "14408120"]
[WhiteElo "2529"]
[BlackElo "2448"]
[Result "0-1"]
[Round "05"]
[TimeControl "180+1"]
[Date "2022.05.03"]
[WhiteClock "0:00:02"]
[BlackClock "0:00:02"]

1. g4 e5 2. Bg2 d5 3. d4 exd4 4. Qxd4 Nc6 5. Qxd5 Qxd5 6. Bxd5 Bxg4 7. Bf4 Nf6 8. Bxc6+ bxc6 9. Bxc7 Nd5 10. Bg3 O-O-O 11. a3 h5 12. h3 Be6 13. Nd2 h4 14. Bh2 g6 15. O-O-O Bg7 16. e4 Nb6 17. Bf4 Na4 18. e5 Bd5 19. Ngf3 f6 20. Rhe1 Rhe8 21. Re3 g5 22. Bh2 g4 23. hxg4 Bh6 24. exf6 Bxe3 25. fxe3 Rxe3 26. Ne5 Be6 27. g5 Re2 28. Bf4 Rf2 29. Be3 Re2 30. Bf4 Rd4 31. Nd3 h3 32. Be5 Rxd3 33. cxd3 Rxe5 34. Rh1 Rxg5 35. Ne4 Rg2 0-1


[Site "https://www.chess.com"]

[Event "Titled Tuesday Blitz May 03 Late 2022"]
[White "Ovezdurdyyeva, Jemal"]
[Black "Petrovic, Aleksa"]
[WhiteFideId "14001888"]
[BlackFideId "967629"]
[WhiteElo "1946"]
[BlackElo "2198"]
[Result "0-1"]
[Round "05"]
[TimeControl "180+1"]
[Date "2022.05.03"]
[WhiteClock "0:00:05"]
[BlackClock "0:00:04"]

1. e4 e6 2. d4 d5 3. Nd2 Be7 4. e5 c5 5. c3 Nc6 6. Ngf3 g5 7. Nb3 g4 8. Ng1 cxd4 9. cxd4 h5 10. h3 gxh3 11. Rxh3 h4 12. Nf3 a5 13. a4 Qb6 14. Bb5 Bd7 15. Bg5 Rc8 16. Bxh4 Bb4+ 17. Kf1 Nge7 18. Bf6 Rxh3 19. gxh3 Nf5 20. Rc1 Rc7 21. Nc5 Bxc5 22. dxc5 Qa7 23. Ng5 Nce7 24. Qh5 Ng6 25. Nxe6 Bxb5+ 26. axb5 fxe6 27. b6 Qa6+ 28. Kg1 Rf7 29. Qxg6 Kf8 30. Qh5 Ke8 31. Qh8+ Rf8 32. Qh7 Qe2 33. Qxb7 Rg8+ 34. Bg7 Rxg7+ 35. Qxg7 Nxg7 36. b7 Qxe5 37. c6 Kd8 38. c7+ Qxc7 39. Rxc7 Kxc7 40. Kg2 Kxb7 41. Kf3 Kc6 42. Kf4 d4 43. Ke4 Kc5 44. f4 Kc4 0-1


[Site "https://www.chess.com"]

[Event "Titled Tuesday Blitz May 03 Late 2022"]
[White "Pakleza, Zbigniew"]
[Black "Mandura, Tijana"]
[WhiteFideId "1119290"]
[BlackFideId "16500270"]
[WhiteElo "2467"]
[BlackElo "2169"]
[Result "0-1"]
[Round "05"]
[TimeControl "180+1"]
[Date "2022.05.03"]
[WhiteClock "0:00:06"]
[BlackClock "0:00:38"]

1. d4 d5 2. Bf4 Nf6 3. e3 c5 4. c3 Nc6 5. Nd2 Bf5 6. Qb3 Qd7 7. Ngf3 c4 8. Qd1 e6 9. Be2 Rc8 10. O-O Be7 11. h3 O-O 12. Nh4 Ne4 13. Nxf5 exf5 14. Nxe4 fxe4 15. b3 Na5 16. b4 Nc6 17. f3 exf3 18. Bxf3 Qe6 19. Re1 f5 20. Qa4 g5 21. Bg3 g4 22. hxg4 fxg4 23. Bd1 Rf7 24. b5 Bd6 25. Bxd6 Qxd6 26. Bxg4 Rcf8 27. Rf1 Qg3 28. Rxf7 Qxe3+ 29. Kh1 Rxf7 30. bxc6 Qxc3 31. Rd1 Qg3 32. Bh3 bxc6 33. Qxc6 c3 34. Qxd5 c2 35. Rc1 Qe3 0-1


[Site "https://www.chess.com"]

[Event "Titled Tuesday Blitz May 03 Late 2022"]
[White "Paravyan, David"]
[Black "Ohanyan, Emin"]
[WhiteFideId "4194985"]
[BlackFideId "13312022"]
[WhiteElo "2569"]
[BlackElo "1927"]
[Result "1-0"]
[Round "05"]
[TimeControl "180+1"]
[Date "2022.05.03"]
[WhiteClock "0:00:04"]
[BlackClock "0:00:01"]

1. e4 c5 2. Nf3 Nc6 3. d4 cxd4 4. Nxd4 Nf6 5. Nc3 e5 6. Ndb5 d6 7. Bg5 a6 8. Na3 b5 9. Nd5 Be7 10. Bxf6 Bxf6 11. c3 Bg5 12. Nc2 Rb8 13. a4 bxa4 14. Ncb4 Nxb4 15. Nxb4 Bd7 16. Bxa6 Qa5 17. Qxd6 Rb6 18. Qd3 Rxb4 19. cxb4 Qxb4+ 20. Kf1 Ke7 21. Qa3 Qxa3 22. bxa3 Rb8 23. h4 Bh6 24. Be2 Rb2 25. g4 Bf4 26. Rh3 Rxe2 27. Kxe2 Bxg4+ 28. Rf3 f5 29. Rg1 g5 30. Rxg4 fxg4 31. Rc3 gxh4 32. Rc7+ Kd6 33. Rxh7 h3 34. Rh4 h2 35. Kf1 Kc5 36. Kg2 Kd4 37. Rxg4 Kc4 38. Rh4 1-0


[Site "https://www.chess.com"]

[Event "Titled Tuesday Blitz May 03 Late 2022"]
[White "Pesotskiy, Mikhail"]
[Black "Stoleriu, George"]
[WhiteFideId "34164453"]
[BlackFideId "1227505"]
[WhiteElo "2010"]
[BlackElo "2178"]
[Result "1-0"]
[Round "05"]
[TimeControl "180+1"]
[Date "2022.05.03"]
[WhiteClock "0:00:14"]
[BlackClock "0:00:04"]

1. d4 e6 2. c4 Nf6 3. Nc3 Bb4 4. Qc2 O-O 5. a3 Bxc3+ 6. Qxc3 b5 7. cxb5 c6 8. bxc6 Nxc6 9. e3 Bb7 10. Nf3 Rc8 11. Be2 Na5 12. Qb4 Nd5 13. Qa4 Bc6 14. Qd1 Nb6 15. Bd2 Ba4 16. Qb1 Bc2 17. Qa2 Bb3 18. Qb1 Bc2 19. Qa2 Nb3 20. O-O Nxa1 21. Rxa1 d5 22. Ba6 Rb8 23. Ne5 Ba4 24. b3 Bd7 25. Bb4 Re8 26. Bd6 Ra8 27. Bb7 Bc8 28. Bxa8 Qxd6 29. Bc6 Rf8 30. Rc1 f6 31. Nd3 e5 32. a4 Ba6 33. Qd2 Bxd3 34. Qxd3 Rc8 35. Qc2 g6 36. Qc5 Qxc5 37. Rxc5 Kf8 38. a5 Na8 39. Bxd5 Rxc5 40. dxc5 Nc7 41. Bc4 Ke7 42. b4 Ne8 43. b5 Kd8 44. b6 axb6 45. cxb6 Nd6 46. Bd5 Kc8 47. a6 Nb5 48. a7 1-0


[Site "https://www.chess.com"]

[Event "Titled Tuesday Blitz May 03 Late 2022"]
[White "Prieto Aranguren, Alain"]
[Black "Hasman, Cengiz"]
[WhiteFideId "2268906"]
[BlackFideId "413364"]
[WhiteElo "2235"]
[BlackElo "2020"]
[Result "1-0"]
[Round "05"]
[TimeControl "180+1"]
[Date "2022.05.03"]
[WhiteClock "0:00:08"]
[BlackClock "0:00:21"]

1. e4 d6 2. f4 d5 3. e5 c5 4. Nf3 Nc6 5. b4 Nxb4 6. d4 cxd4 7. Nxd4 Nc6 8. c3 e6 9. Nd2 Nxd4 10. cxd4 Ne7 11. Nf3 Nc6 12. Bd3 Bb4+ 13. Bd2 Bxd2+ 14. Qxd2 Qa5 15. Rb1 Qxd2+ 16. Kxd2 b6 17. Rhc1 Bd7 18. Rc3 Ke7 19. Bb5 Na5 20. Rc7 Rhd8 21. Ba6 Nc4+ 22. Bxc4 dxc4 23. Ng5 Rdc8 24. Rb7 Rcb8 25. Rc7 Kd8 26. Rxc4 Be8 27. Nxh7 Rc8 28. Rxc8+ Rxc8 29. Rc1 Bc6 30. Ng5 Bxg2 31. Nxf7+ Kd7 32. Rg1 Bd5 33. Rxg7 Kc6 34. Nd6 Rh8 35. f5 Rxh2+ 36. Ke3 exf5 37. Nxf5 Bxa2 38. Ne7+ Kb5 39. d5 Rh1 40. d6 Re1+ 41. Kf4 Rf1+ 42. Ke4 Bb1+ 43. Kd4 Rd1+ 44. Ke3 Re1+ 45. Kf4 Re4+ 46. Kf5 Re1+ 47. Kf6 a5 48. e6 Rf1+ 49. Kg5 Rg1+ 50. Kf6 Rd1 51. Nf5 Bxf5 52. Rg5 Rxd6 53. Rxf5+ Ka6 54. Ke7 Rd1 55. Kf7 a4 56. e7 Re1 57. Rf6 a3 58. Re6 Rxe6 59. Kxe6 a2 60. e8=Q Kb7 61. Qa4 b5 62. Qxa2 Kb6 63. Qb2 Kc5 64. Ke5 Kc4 65. Ke4 b4 66. Ke3 b3 67. Kd2 1-0


[Site "https://www.chess.com"]

[Event "Titled Tuesday Blitz May 03 Late 2022"]
[White "Prohorov, Olexandr"]
[Black "Barria Zuniga, Daniel"]
[WhiteFideId "14105578"]
[BlackFideId "3400816"]
[WhiteElo "1993"]
[BlackElo "2414"]
[Result "1/2-1/2"]
[Round "05"]
[TimeControl "180+1"]
[Date "2022.05.03"]
[WhiteClock "0:01:05"]
[BlackClock "0:01:03"]

1. Nf3 g6 2. g3 Bg7 3. Bg2 c5 4. O-O Nc6 5. c4 a6 6. Nc3 Rb8 7. a4 d6 8. b3 Bxc3 9. dxc3 b6 10. e4 Bb7 11. Re1 e5 12. Nd2 h5 13. h4 f6 14. Nf1 Kf7 15. Ne3 Kg7 16. Ra2 Nh6 17. Rd2 Nf7 18. Nd5 Ne7 19. Qe2 Nxd5 20. cxd5 Bc8 21. Rb2 Qc7 22. Be3 b5 23. axb5 axb5 24. b4 c4 25. Ra2 Bg4 26. f3 Bd7 27. Rea1 Rb7 28. Qf2 Rhb8 29. Kh2 Qc8 30. Ra6 Qd8 31. Qd2 Qe7 1/2-1/2


[Site "https://www.chess.com"]

[Event "Titled Tuesday Blitz May 03 Late 2022"]
[White "Przybylski, Wojciech"]
[Black "Djokic, Mihailo"]
[WhiteFideId "1117599"]
[BlackFideId "976440"]
[WhiteElo "2133"]
[BlackElo "2202"]
[Result "0-1"]
[Round "05"]
[TimeControl "180+1"]
[Date "2022.05.03"]
[WhiteClock "0:00:06"]
[BlackClock "0:00:01"]

1. d4 Nf6 2. Nf3 g6 3. Bf4 c5 4. e3 Bg7 5. c3 Qb6 6. Qb3 Nc6 7. Nbd2 cxd4 8. exd4 O-O 9. Bd3 d5 10. O-O Qd8 11. Qc2 a6 12. Rfe1 Bd7 13. Rad1 Rc8 14. Qb1 Re8 15. h3 b5 16. Ne5 Be6 17. Nb3 Nxe5 18. Bxe5 Nd7 19. Bxg7 Kxg7 20. Re3 Qb6 21. a3 Qd6 22. Rde1 Rc6 23. h4 Nf6 24. Nc5 Bc8 25. b4 Ng4 26. Rg3 e5 27. Be2 Nf6 28. dxe5 Rxe5 29. Bd3 Rxe1+ 30. Qxe1 d4 31. c4 Nh5 32. Rg5 bxc4 33. Bxc4 Qf6 34. Rd5 Be6 35. Nxe6+ Rxe6 36. Qd2 Rd6 37. Rxd6 Qxd6 38. g3 Nf6 39. Qd3 Nd7 40. Bxa6 Ne5 41. Qe4 d3 42. a4 d2 43. Be2 d1=Q+ 44. Bxd1 Qxd1+ 45. Kg2 Nd3 46. a5 Qd2 47. Qd4+ Kh6 48. Qe3+ Qxe3 49. fxe3 Nxb4 50. Kf3 Kh5 51. Kf4 f6 52. Kf3 g5 53. hxg5 Kxg5 54. e4 h5 55. Ke3 Kg4 56. Kf2 Na6 57. Kg2 Nc5 58. Kh2 Kf3 59. Kh3 Kxe4 60. Kh4 Kf3 61. Kxh5 f5 62. Kg5 Ke4 63. Kf6 Na6 64. Kg5 Nb4 65. Kf6 Nc6 66. Kg5 Nxa5 67. Kf6 Nc4 68. Kg5 Ne3 69. Kh4 Ng4 70. Kg5 Ne3 71. Kh4 Kf3 72. Kh3 Nf1 73. Kh4 Nxg3 74. Kg5 f4 75. Kh4 Ke3 76. Kh3 Ne4 77. Kg2 Ke2 78. Kh1 f3 79. Kg1 f2+ 80. Kh2 Nd2 81. Kg3 f1=Q 82. Kh2 Qf7 83. Kg3 Qf3+ 84. Kh2 Qg4 85. Kh1 Kf2 86. Kh2 Qh4# 0-1


[Site "https://www.chess.com"]

[Event "Titled Tuesday Blitz May 03 Late 2022"]
[White "Redzisz, Michal"]
[Black "Lehtosaari, Mauri"]
[WhiteFideId "21816107"]
[BlackFideId "501999"]
[WhiteElo "2014"]
[BlackElo "2504"]
[Result "0-1"]
[Round "05"]
[TimeControl "180+1"]
[Date "2022.05.03"]
[WhiteClock "0:00:58"]
[BlackClock "0:00:11"]

1. Nf3 c5 2. e4 e6 3. d4 cxd4 4. Nxd4 Qb6 5. Nb3 Qc7 6. Nc3 a6 7. Be3 Nf6 8. f3 Bb4 9. Qd2 d5 10. exd5 Nxd5 11. Bd4 Nc6 12. Bxg7 Rg8 13. Qh6 Bd7 14. O-O-O Nxc3 15. Bxc3 Bxc3 16. bxc3 O-O-O 17. Qxh7 Qf4+ 18. Kb1 Ne5 19. Qe4 Qxe4 20. fxe4 Bc6 21. Nd2 Bxe4 22. Rg1 Nf3 23. gxf3 Rxg1 24. fxe4 Rxf1 25. Rxf1 Rxd2 26. Rxf7 Rxh2 27. Re7 Rh6 28. Kb2 b6 29. Kb3 Kd8 30. Ra7 a5 31. Rb7 e5 32. Kc4 Rc6+ 33. Kd5 Rxc3 34. Kxe5 Rxc2 35. Rxb6 Rxa2 36. Kd6 Rd2+ 37. Ke6 a4 38. Ra6 Rd4 39. e5 Kc7 40. Ke7 Kb7 41. Ra5 Kb6 42. Ra8 Kb7 43. Rh8 a3 44. Rh3 Ra4 45. Rh1 Kc6 46. Rc1+ Kd5 47. Rd1+ Kxe5 48. Ra1 Kd4 49. Kd6 Kc3 50. Kc5 Kb2 51. Kb5 Kxa1 52. Kxa4 Kb2 53. Kb4 a2 0-1


[Site "https://www.chess.com"]

[Event "Titled Tuesday Blitz May 03 Late 2022"]
[White "Remizov, Yaroslav"]
[Black "Senthilkumar, Pranav"]
[WhiteFideId "34134015"]
[BlackFideId "2083477"]
[WhiteElo "2386"]
[BlackElo "2442"]
[Result "1-0"]
[Round "05"]
[TimeControl "180+1"]
[Date "2022.05.03"]
[WhiteClock "0:01:19"]
[BlackClock "0:01:35"]

1. a3 Nf6 2. b3 g6 3. c3 Bg7 4. Ra2 O-O 5. d3 b5 6. e3 a5 7. f3 c5 8. g4 Bb7 9. Rg2 d5 10. h4 h5 11. Ne2 d4 12. e4 dxc3 13. Nbxc3 c4 14. dxc4 bxc4 15. gxh5 Nxh5 16. Qxd8 Rxd8 17. bxc4 Na6 18. Nd5 e6 19. Ndf4 Nxf4 20. Nxf4 Nc5 21. h5 Bc3+ 22. Kf2 e5 23. Nd5 Bxd5 24. exd5 Bd4+ 25. Be3 Kg7 26. Rh4 Bxe3+ 27. Kxe3 Rab8 28. hxg6 fxg6 29. Bd3 e4 30. Bxe4 Rb3+ 31. Kd4 Nxe4 32. fxe4 Rxa3 33. Rhg4 Ra1 34. Rxg6+ Kf7 35. Rg7+ Kf8 36. Rg8+ Ke7 37. R2g7+ Kf6 38. e5+ Kf5 39. Rf7# 1-0


[Site "https://www.chess.com"]

[Event "Titled Tuesday Blitz May 03 Late 2022"]
[White "Remolar Gallen, Jose"]
[Black "Kate1606"]
[WhiteFideId "2215187"]
[WhiteElo "2205"]
[BlackElo "2142"]
[Result "1-0"]
[Round "05"]
[TimeControl "180+1"]
[Date "2022.05.03"]
[WhiteClock "0:00:51"]
[BlackClock "0:01:04"]

1. d4 d6 2. e4 g6 3. Nc3 Bg7 4. f4 Nf6 5. Nf3 O-O 6. Bd3 Nbd7 7. e5 dxe5 8. fxe5 Ne8 9. Bf4 Nb6 10. Qe2 f6 11. O-O-O Kh8 12. h4 Bd7 13. h5 g5 14. h6 gxf4 15. hxg7+ Nxg7 16. Rxh7+ Kg8 17. Rdh1 c6 18. Bg6 Nf5 19. Rh8+ Kg7 20. R1h7+ Kxg6 21. Nh4+ Nxh4 22. Qh5# 1-0


[Site "https://www.chess.com"]

[Event "Titled Tuesday Blitz May 03 Late 2022"]
[White "Romanchuk, Viktor"]
[Black "Mikhailov, Viacheslav"]
[WhiteFideId "14109271"]
[BlackFideId "4187369"]
[WhiteElo "2242"]
[BlackElo "2381"]
[Result "1/2-1/2"]
[Round "05"]
[TimeControl "180+1"]
[Date "2022.05.03"]
[WhiteClock "0:00:41"]
[BlackClock "0:00:42"]

1. d4 Nf6 2. c4 g6 3. Nc3 Bg7 4. Nf3 O-O 5. g3 d5 6. cxd5 Nxd5 7. Bg2 c5 8. O-O Nc6 9. Nxd5 Qxd5 10. dxc5 Qxc5 11. Qb3 Be6 12. Qxb7 Rab8 13. Qa6 Bc4 14. Qa4 Bxe2 15. Re1 Bb5 16. Qh4 Qb4 17. Bf4 Rbd8 18. a4 Ba6 19. Ng5 h6 20. Bxc6 hxg5 21. Bxg5 Qxh4 22. Bxh4 Bxb2 23. Bxe7 Bxa1 24. Rxa1 Rc8 25. Bxf8 Rxc6 26. Bh6 Bd3 27. a5 a6 28. h4 Be4 29. Rc1 Rxc1+ 30. Bxc1 Bd3 31. f3 Bb5 32. Kf2 f5 33. Ke3 Bc6 34. Kf4 Kh7 35. Bb2 Bb7 36. Bc3 Bc6 37. g4 fxg4 38. fxg4 Bb7 39. Kg5 Bf3 40. Bd4 Be2 41. Bc3 Bd1 42. Bd4 Be2 43. Bc3 Bd1 44. Bd4 Be2 1/2-1/2


[Site "https://www.chess.com"]

[Event "Titled Tuesday Blitz May 03 Late 2022"]
[White "Rosen, Eric"]
[Black "Jones, Gawain C B"]
[WhiteFideId "2032562"]
[BlackFideId "409561"]
[WhiteElo "2362"]
[BlackElo "2657"]
[Result "0-1"]
[Round "05"]
[TimeControl "180+1"]
[Date "2022.05.03"]
[WhiteClock "0:00:01"]
[BlackClock "0:00:59"]

1. d4 Nf6 2. Bf4 c5 3. e3 g6 4. c3 Bg7 5. Nd2 O-O 6. dxc5 Na6 7. Bxa6 bxa6 8. Qf3 d5 9. cxd6 Bg4 10. dxe7 Qxe7 11. Qc6 Rac8 12. Qxa6 Rfd8 13. Ngf3 Ne4 14. Nxe4 Qxe4 15. Qe2 Rxc3 16. O-O Rc2 17. Rad1 Rdc8 18. Qd3 Bxf3 19. gxf3 Qxf3 20. Qd8+ Rxd8 21. Rxd8+ Bf8 22. Bh6 Rc8 23. Rfd1 Qh5 24. Bxf8 Rxd8 25. Rxd8 Qg5+ 26. Kf1 Qxd8 27. Bc5 Qd1+ 28. Kg2 Qd5+ 0-1


[Site "https://www.chess.com"]

[Event "Titled Tuesday Blitz May 03 Late 2022"]
[White "Rytenko, Vsevolod"]
[Black "Aggelis, Nikolaos"]
[WhiteFideId "14133040"]
[BlackFideId "4213220"]
[WhiteElo "2120"]
[BlackElo "2154"]
[Result "1-0"]
[Round "05"]
[TimeControl "180+1"]
[Date "2022.05.03"]
[WhiteClock "0:01:31"]
[BlackClock "0:00:01"]

1. e4 c5 2. Nf3 e6 3. Nc3 Nc6 4. Bb5 Nge7 5. O-O Ng6 6. Bxc6 dxc6 7. Re1 e5 8. d3 Be7 9. Ne2 O-O 10. Ng3 Re8 11. Nf5 Bf8 12. g3 h6 13. h4 Qf6 14. h5 Ne7 15. g4 Nxf5 16. exf5 Bd7 17. Kg2 Bd6 18. Nd2 Qd8 19. Ne4 Be7 20. Qf3 f6 21. Qg3 Rf8 22. f4 exf4 23. Bxf4 Rf7 24. Re2 Qb6 25. b3 c4 26. bxc4 Re8 27. Rae1 Bb4 28. Nxf6+ Rxf6 29. Rxe8+ Bxe8 30. Rxe8+ Kh7 31. g5 hxg5 32. Qxg5 c5 33. Qg6+ Rxg6+ 34. fxg6+ Qxg6+ 35. hxg6+ Kxg6 36. Re7 1-0


[Site "https://www.chess.com"]

[Event "Titled Tuesday Blitz May 03 Late 2022"]
[White "Sailer, Mike"]
[Black "Bifulco, Michel"]
[WhiteFideId "2012901"]
[BlackFideId "828580"]
[WhiteElo "2109"]
[BlackElo "2165"]
[Result "0-1"]
[Round "05"]
[TimeControl "180+1"]
[Date "2022.05.03"]
[WhiteClock "0:00:03"]
[BlackClock "0:01:17"]

1. d4 Nf6 2. Nf3 g6 3. Bf4 Bg7 4. e3 d6 5. Be2 O-O 6. O-O c5 7. c4 Nbd7 8. Nc3 Nh5 9. Bg5 h6 10. Bh4 g5 11. Bg3 Nxg3 12. hxg3 cxd4 13. exd4 b6 14. a4 Bb7 15. a5 Rc8 16. axb6 Qxb6 17. b3 Bxf3 18. Bxf3 Qxd4 19. Nd5 Rfe8 20. Ra2 Ne5 21. Rd2 Nxf3+ 22. gxf3 Qc5 23. Re1 e6 24. b4 Qxc4 25. Ne3 Qxb4 26. Rxd6 a5 27. Ng4 a4 28. Ne5 a3 29. Rd7 Bxe5 30. Rxe5 a2 31. Ra7 Qb2 32. Re2 Rc1 0-1


[Site "https://www.chess.com"]

[Event "Titled Tuesday Blitz May 03 Late 2022"]
[White "Sarana, Alexey"]
[Black "Martinez Alcantara, Jose Eduardo"]
[WhiteFideId "24133795"]
[BlackFideId "3805662"]
[WhiteElo "2666"]
[BlackElo "2690"]
[Result "0-1"]
[Round "05"]
[TimeControl "180+1"]
[Date "2022.05.03"]
[WhiteClock "0:00:05"]
[BlackClock "0:00:14"]

1. d4 Nf6 2. c4 e6 3. Nc3 Bb4 4. Qc2 d6 5. Bd2 O-O 6. a3 Bxc3 7. Bxc3 Nc6 8. e3 e5 9. Nf3 Re8 10. Be2 e4 11. Nd2 d5 12. cxd5 Qxd5 13. Bc4 Qf5 14. O-O Be6 15. Be2 Qg6 16. f4 Nd5 17. Qxe4 Qxe4 18. Nxe4 Nxe3 19. Rf2 Nf5 20. Nc5 Ncxd4 21. Bg4 b6 22. Nxe6 fxe6 23. Re1 Rad8 24. g3 Kf7 25. Kg2 g6 26. Re5 Nc6 27. Re4 Nce7 28. Rfe2 Nd5 29. Be5 Nf6 30. Bxf6 Kxf6 31. b4 Nd4 32. R2e3 Rd6 33. Rc3 Rc8 34. a4 c5 35. bxc5 Rxc5 36. Rd3 Rcd5 37. Kh3 Nf5 38. Rc3 Rd4 39. Rxd4 Rxd4 40. Rc7 Rxa4 41. Rxh7 a5 42. Rb7 Rb4 43. Ra7 a4 44. Be2 Nd4 45. Bd3 b5 46. g4 g5 47. fxg5+ Kxg5 48. Kg3 Rb3 49. h4+ Kf6 50. g5+ Ke5 51. h5 Rxd3+ 52. Kg4 Nf5 53. h6 Rg3+ 54. Kh5 Kf4 55. Rg7 Nxg7+ 56. hxg7 Rxg5+ 0-1


[Site "https://www.chess.com"]

[Event "Titled Tuesday Blitz May 03 Late 2022"]
[White "Sernecki, Franciszek"]
[Black "Yanayt, Eugene"]
[WhiteFideId "1169297"]
[BlackFideId "2020165"]
[WhiteElo "2165"]
[BlackElo "2046"]
[Result "0-1"]
[Round "05"]
[TimeControl "180+1"]
[Date "2022.05.03"]
[WhiteClock "0:00:07"]
[BlackClock "0:00:19"]

1. e4 c5 2. Nf3 d6 3. d4 cxd4 4. Nxd4 Nf6 5. Nc3 a6 6. Be3 e5 7. Nf3 Be6 8. Be2 Be7 9. O-O Nbd7 10. Ng5 O-O 11. Nxe6 fxe6 12. Bg4 Nxg4 13. Qxg4 Rf6 14. Bg5 Rg6 15. Bxe7 Qxe7 16. Qe2 Rf8 17. Rad1 Nf6 18. Qd3 Rd8 19. f4 exf4 20. e5 Ne8 21. Rxf4 d5 22. Qf3 h6 23. Rf1 Nc7 24. Rf7 Qc5+ 25. Kh1 d4 26. Ne2 Qxe5 27. Nf4 Rf6 28. Rxg7+ Kxg7 29. Nh5+ Kh8 30. Nxf6 Rf8 31. Qxb7 Rxf6 32. Rxf6 Qe1+ 0-1


[Site "https://www.chess.com"]

[Event "Titled Tuesday Blitz May 03 Late 2022"]
[White "Skytte, Rasmus"]
[Black "Storey, Charles H"]
[WhiteFideId "1404210"]
[BlackFideId "406686"]
[WhiteElo "2430"]
[BlackElo "2263"]
[Result "0-1"]
[Round "05"]
[TimeControl "180+1"]
[Date "2022.05.03"]
[WhiteClock "0:00:02"]
[BlackClock "0:01:21"]

1. e4 c5 2. Nf3 g6 3. d4 cxd4 4. Nxd4 Nf6 5. Nc3 d6 6. Be3 Bg7 7. f3 O-O 8. Qd2 Nc6 9. O-O-O Nxd4 10. Bxd4 Be6 11. h4 Qa5 12. Kb1 Rfc8 13. Nd5 Qxd2 14. Nxf6+ Bxf6 15. Rxd2 Bxd4 16. Rxd4 h6 17. Bd3 Rc5 18. f4 Rac8 19. Rc1 Bc4 20. Bxc4 Rxc4 21. Rxc4 Rxc4 22. Re1 Kf8 23. c3 d5 24. exd5 Rxf4 25. g3 Rf3 26. Rg1 b5 27. Kc2 Ke8 28. Kb3 a5 29. a4 bxa4+ 30. Kxa4 Kd7 31. Kxa5 Kd6 32. b4 Kxd5 33. b5 Rxc3 34. b6 Kc6 35. Rb1 Ra3+ 36. Kb4 Rxg3 37. Ka5 Ra3+ 38. Kb4 Ra6 0-1


[Site "https://www.chess.com"]

[Event "Titled Tuesday Blitz May 03 Late 2022"]
[White "Sliwicki, Damian"]
[Black "Ambartsumova, Karina"]
[WhiteFideId "1127128"]
[BlackFideId "4166299"]
[WhiteElo "2084"]
[BlackElo "2262"]
[Result "0-1"]
[Round "05"]
[TimeControl "180+1"]
[Date "2022.05.03"]
[WhiteClock "0:00:03"]
[BlackClock "0:01:28"]

1. e4 e5 2. Nf3 Nc6 3. Bc4 Bc5 4. c3 Nf6 5. d3 O-O 6. Bb3 d5 7. Qe2 Re8 8. Nbd2 h6 9. Nf1 a5 10. Ng3 a4 11. Bc2 Be6 12. O-O Qd7 13. Nh4 Bg4 14. Qe1 Ne7 15. h3 Bxh3 16. gxh3 Qxh3 17. d4 exd4 18. Nf3 d3 19. Be3 Bxe3 20. Qxe3 dxe4 21. Ne5 dxc2 22. Qf4 Ned5 0-1


[Site "https://www.chess.com"]

[Event "Titled Tuesday Blitz May 03 Late 2022"]
[White "Smail, Benedict"]
[Black "Mangialardo, Tiago Carvalho"]
[WhiteFideId "2050480"]
[BlackFideId "2130718"]
[WhiteElo "2070"]
[BlackElo "2124"]
[Result "1-0"]
[Round "05"]
[TimeControl "180+1"]
[Date "2022.05.03"]
[WhiteClock "0:01:01"]
[BlackClock "0:00:02"]

1. d4 d5 2. c4 c6 3. Nc3 Nf6 4. Nf3 e6 5. Bg5 Be7 6. e3 O-O 7. Bd3 dxc4 8. Bxc4 b5 9. Bd3 Nbd7 10. a3 a6 11. O-O Bb7 12. b4 Re8 13. Qb3 Nd5 14. Bxe7 Qxe7 15. Ne4 a5 16. Nc5 Nxc5 17. dxc5 e5 18. Nd2 Nf6 19. Ne4 Nxe4 20. Bxe4 g6 21. Rfd1 Kg7 22. h3 f5 23. Bf3 e4 24. Be2 Red8 25. Rxd8 Qxd8 26. Rd1 Qe7 27. Qc3+ Kf7 28. Rd6 axb4 29. axb4 Rd8 30. Rxd8 Qxd8 31. g3 Bc8 32. Kg2 Be6 33. Qe5 Qd5 34. Qh8 Qd2 35. Qxh7+ Kf6 36. Qh8+ Kf7 37. Bf1 Qxb4 38. Qh7+ Kf6 39. Qh4+ Kf7 40. Qh7+ Kf6 41. Qa7 Qc3 42. Qb6 Bd5 43. h4 b4 44. Qd8+ Kf7 45. Qd7+ Kf6 46. Qd8+ Kf7 47. h5 gxh5 48. Qg5 b3 49. Qxh5+ Ke7 50. Qh7+ Ke6 51. Qg8+ Ke7 52. Qg5+ Ke6 53. Qg6+ Qf6 54. Qe8+ Qe7 55. Qc8+ Qd7 56. Qg8+ Qf7 57. Qb8 Qd7 58. Be2 Qe7 59. g4 Qxc5 60. gxf5+ Kxf5 61. Qc8+ Ke5 62. Qc7+ Qd6 63. Qg7+ Ke6 64. Bg4# 1-0


[Site "https://www.chess.com"]

[Event "Titled Tuesday Blitz May 03 Late 2022"]
[White "Stanisz, Patryk"]
[Black "Simonovic, Miroslav"]
[WhiteFideId "1123106"]
[BlackFideId "919152"]
[WhiteElo "1833"]
[BlackElo "2043"]
[Result "1-0"]
[Round "05"]
[TimeControl "180+1"]
[Date "2022.05.03"]
[WhiteClock "0:00:20"]
[BlackClock "0:00:24"]

1. Nf3 c5 2. e4 Nc6 3. d4 cxd4 4. Nxd4 e5 5. Nb5 d6 6. c4 Be7 7. Be2 Be6 8. O-O Nf6 9. N5c3 O-O 10. f3 Nd4 11. Be3 Nxe2+ 12. Qxe2 Rc8 13. b3 a6 14. Qf2 Nd7 15. a4 Nc5 16. Nd2 f5 17. Rfd1 f4 18. Bxc5 dxc5 19. Nd5 Bxd5 20. exd5 b5 21. Ne4 Bd6 22. axb5 axb5 23. Ra6 Bc7 24. Qxc5 bxc4 25. bxc4 Rb8 26. Qc6 Rf6 27. Nxf6+ gxf6 28. c5 e4 29. fxe4 Be5 30. Qe6+ Kg7 31. Ra7+ Kh6 32. Qh3+ Kg5 33. Rg7# 1-0


[Site "https://www.chess.com"]

[Event "Titled Tuesday Blitz May 03 Late 2022"]
[White "Stevens, Christian"]
[Black "Demchenko, Anton"]
[WhiteFideId "2604450"]
[BlackFideId "4160258"]
[WhiteElo "2516"]
[BlackElo "2539"]
[Result "1-0"]
[Round "05"]
[TimeControl "180+1"]
[Date "2022.05.03"]
[WhiteClock "0:00:04"]
[BlackClock "0:00:03"]

1. Nf3 Nf6 2. c4 e6 3. Nc3 d5 4. cxd5 exd5 5. d4 c6 6. Bg5 Bf5 7. Qb3 Qb6 8. Bxf6 gxf6 9. e3 Na6 10. Nh4 Be6 11. Be2 Qxb3 12. axb3 Nb4 13. Kd2 a6 14. Rhc1 O-O-O 15. Na4 a5 16. g3 Kc7 17. Nc5 b6 18. Nd3 Kb7 19. Ng2 Bd6 20. Ngf4 Bf5 21. Nxb4 axb4 22. Ba6+ Kc7 23. Nxd5+ Kd7 24. Nxb6+ Ke7 25. Rxc6 Be4 26. Rcc1 h5 27. Bd3 Bf3 28. Ra7+ Kf8 29. Bc4 Rh7 30. Rca1 h4 31. Bd5 Bg4 32. Ra8 Rxa8 33. Rxa8+ Kg7 34. Nc4 hxg3 35. hxg3 Be7 36. e4 Rh1 37. Ke3 Re1+ 38. Kf4 Bd1 39. Ra7 Kf8 40. Ra8+ Kg7 41. Ra7 Kf8 42. Ne3 Be2 43. Nf5 Rf1 44. Ra8+ 1-0


[Site "https://www.chess.com"]

[Event "Titled Tuesday Blitz May 03 Late 2022"]
[White "Stojanovski, Sandi"]
[Black "Donchenko, Anatoly"]
[WhiteFideId "1403249"]
[BlackFideId "4106091"]
[WhiteElo "2288"]
[BlackElo "2339"]
[Result "1/2-1/2"]
[Round "05"]
[TimeControl "180+1"]
[Date "2022.05.03"]
[WhiteClock "0:00:05"]
[BlackClock "0:00:45"]

1. d3 c5 2. Nf3 g6 3. g3 Bg7 4. Bg2 Nc6 5. O-O Nf6 6. c4 O-O 7. Nc3 b6 8. Qd2 Bb7 9. b3 d5 10. cxd5 Nxd5 11. Bb2 Nxc3 12. Bxc3 Qd6 13. Bxg7 Kxg7 14. a3 a5 15. e3 Rfd8 16. Qc3+ f6 17. Rfd1 Rac8 18. h4 Rc7 19. h5 Ne5 20. Nxe5 Qxe5 21. Qxe5 fxe5 22. Bxb7 Rxb7 23. hxg6 hxg6 24. Kf1 Rbd7 25. Ke2 Kf6 26. b4 cxb4 27. axb4 Ra8 28. Ra4 Rda7 29. Rda1 Ke6 30. Kf3 Kd5 31. Kg4 Ke6 32. Kg5 Kf7 33. Kg4 Kf6 34. Kf3 Kf5 35. g4+ Kf6 36. Ke4 Ke6 37. f3 Kd6 38. g5 Ke6 39. R1a2 Kd6 40. Ra1 Ke6 41. d4 exd4 42. Kxd4 Rf8 43. f4 Rfa8 44. Kc4 Kf5 45. Kb5 Ra6 46. R1a3 Ke4 47. Kc6 Kf5 48. Kb5 e5 49. fxe5 Kxe5 50. bxa5 bxa5 51. Rxa5 Rxa5+ 52. Rxa5 Rc8 53. Ra6 Kf5 54. Rc6 Re8 55. Rc3 Kxg5 56. Kc5 Kf5 57. Kd4 Rd8+ 58. Kc5 Ke4 59. Ra3 g5 60. Kc6 Rd3 61. Ra4+ Kf3 62. e4 g4 63. e5 g3 64. e6 g2 65. Ra1 Kf2 66. Ra2+ Kg3 67. Rxg2+ Kxg2 68. e7 Re3 69. Kd7 Kf3 70. e8=Q Rxe8 71. Kxe8 1/2-1/2


[Site "https://www.chess.com"]